 Dungeon Crawl Stone Soup version 0.18-a0-1643-gb89d9db (webtiles) character file.

5831 4thArraOfDagon the Basher (level 10, -18/113 HPs)
             Began as an Ogre Hunter on Mar 28, 2016.
             Was a Priest of Cheibriados.
             Demolished by a minotaur (23 damage)
             ... in a labyrinth.
             The game lasted 00:23:55 (3818 turns).

4thArraOfDagon the Basher (Ogre Hunter)             Turns: 3818, Time: 00:23:55

Health: -18/113    AC: 11    Str: 29      XL:     10   Next: 80%
Magic:  2/13       EV: 14    Int: 18 (19) God:    Cheibriados [***...]
Gold:   246        SH:  0    Dex: 19 (20) Spells: 0 memorised, 9 levels left

rFire  + . .     SeeInvis .     H - +3 morningstar
rCold  . . .     Gourm    .     B - +1 troll leather armour
rNeg   . . .     Faith    .     (no shield)
rPois  .         Spirit   .     (helmet restricted)
rElec  .         Dismiss  .     t - +1 cloak
rCorr  .         Reflect  .     (gloves unavailable)
SustAt .         Harm     .     (boots unavailable)
MR     +....     Rnd*Rage +     (no amulet)
Stlth  +.........               (no ring)
                                (no ring)

@: very slow, somewhat resistant to hostile enchantments, very unstealthy
A: unfitting armour, hooves 1, rugged brown scales 1, thin metallic scales 1,
agile 1, berserk 1, deterioration 1, fire resistance 1, low mp 1, tough skin 1,
MP-powered wands
a: Bend Time, Temporal Distortion, Renounce Religion


You were in a labyrinth.
You worshipped Cheibriados.
Cheibriados was most pleased with you.
You were hungry.

You visited 1 branch of the dungeon, and saw 11 of its levels.
You also visited: Labyrinth.

You collected 526 gold pieces.
You spent 280 gold pieces at shops.

Inventory:

Hand Weapons
 k - a +0 mace
 n - a +0 flail
 r - a +0 giant club
 x - the +4 falchion of Yredelemnul's Envy {slice, MR+ MP+9}
   (You found it on level 7 of the Dungeon)

   It inflicts extra damage upon your enemies.
   It affects your resistance to hostile enchantments.
   It affects your magic capacity (+9).
 y - a +0 whip of flaming
 H - a +3 morningstar (weapon)
Missiles
 c - 5 large rocks (quivered)
 C - 4 javelins
Armour
 t - a +1 cloak (worn)
 z - a +2 robe of positive energy
 B - a +1 troll leather armour (worn)
 N - the +1 robe of Hici {rN+++ MR+ Dex-3 SInv}
   (You found it on level 10 of the Dungeon)

   It affects your dexterity (-3).
   It renders you almost immune to negative energy.
   It affects your resistance to hostile enchantments.
   It lets you see invisible.
Jewellery
 d - an uncursed ring of ice
 G - an uncursed ring of ice
Wands
 e - a wand of slowing (32/48)
 h - a wand of lightning (11/15)
 j - a wand of polymorph (12/24)
 q - a wand of paralysis (0/24)
 A - a wand of lightning (11/15)
 D - a wand of acid (9/15)
 K - a wand of heal wounds (2/9)
Scrolls
 m - 2 scrolls of remove curse
 o - 2 scrolls of blinking
 E - a scroll of recharging
 F - 4 scrolls of teleportation
 I - a scroll of fear
Potions
 a - 2 potions of brilliance
 b - 2 potions of ambrosia
 p - 4 potions of curing
 v - a potion of flight
Comestibles
 f - 5 bread rations
 g - 3 meat rations
 l - 3 beef jerkies
 u - 5 fruits


   Skills:
 + Level 9.8 Fighting
 * Level 11.9 Maces & Flails
 - Level 4.0 Throwing
 + Level 6.3 Dodging
 - Level 0.7 Stealth
 + Level 7.1 Invocations
 * Level 3.6 Evocations


You had 9 spell levels left.
You didn't know any spells.

Dungeon Overview and Level Annotations

Branches:
Dungeon (11/15)            Temple (0/1) D:4
   Lair: D:8-11         Orc: D:9-12

Altars:
Ashenzari
Cheibriados
Dithmenos
Elyvilon
Fedhas
Okawaru
Qazlal
Ru
Trog
Xom

Shops:
D:9 ?

Annotations:
D:4 tasslehoff34's ghost, amateur DsGl
D:10 Maud


Innate Abilities, Weirdness & Mutations

You are too large for most types of armour.
You have tough skin (AC +1).
You have large cloven feet.
You are partially covered in rugged brown scales (AC +1, +3% HP).
You are partially covered in thin metallic scales (AC +2).
You are agile. (Dex +2)
You tend to lose your temper in combat.
Your body sometimes deteriorates upon taking damage.
Your flesh is heat resistant.
Your magical capacity is low (-10% MP).
You expend magic power (3 MP) to strengthen your wands.


Message History

Press: ? - help, Shift-Dir - straight line, f - minotaur
Aim: a minotaur (severely wounded)
You throw a large rock. The large rock hits the minotaur.
The minotaur is severely wounded.
The minotaur hits you!
* * * LOW HITPOINT WARNING * * *
The minotaur gores you!
* * * LOW HITPOINT WARNING * * *
The minotaur barely misses you. The minotaur gores you!
* * * LOW HITPOINT WARNING * * *
Unknown command.
Throwing (i - inventory. (,) - cycle):
c - 6 large rocks (quivered)
Press: ? - help, Shift-Dir - straight line, f/p - minotaur
Aim: a minotaur (severely wounded)
You throw a large rock.
The large rock hits the minotaur but does no damage.
The minotaur is severely wounded.
The minotaur closely misses you. The minotaur completely misses you.
The minotaur hits you!!
You die...

#########
#.<.....#
###@###
#.H...#
#.###.# #
...# #...#
#######
.#.### ...
.......# #
.###.#.###
#. ...#.#.
# ###
#.###


You could see a minotaur.

Vanquished Creatures
  A hill giant (D:10)
  Pikel (D:7)
  A manticore (D:11)
  A komodo dragon (D:8)
  A troll (D:10)
  A human (D:11)
  A hippogriff (D:10)
  A hungry ghost (D:10)
  Menkaure (D:7)
  4 sky beasts
  3 ice beasts
  6 orc warriors
  A phantom (D:9)
  2 slaves (D:7)
  A necrophage (D:10)
  3 wolves (D:10)
  2 ogres
  3 giant frogs
  3 scorpions
  A wyvern skeleton (D:8)
  6 wights
  5 killer bees
  A howler monkey (D:10)
  A giant frog zombie (D:10)
  A crimson imp (D:9)
  A quasit (D:8)
  5 hounds
  2 orc priests
  3 jellies
  2 iguanas
  4 orc wizards
  A giant frog skeleton (D:4)
  2 worker ants
  2 hound zombies (D:5)
  7 adders
  8 gnolls
  3 shadow imps
  2 adder skeletons
  2 worms (D:4)
  2 dart slugs (D:2)
  5 giant geckos
  14 orcs
  2 ball pythons
  4 giant cockroaches
  2 goblins
  3 hobgoblins
  10 jackals
  4 quokkas
  4 bats
  A giant gecko skeleton (D:8)
  5 giant newts
  4 kobolds
  2 quokka skeletons (D:5)
  4 rats
  A fungus (D:5)
163 creatures vanquished.

Vanquished Creatures (others)
  3 orcs (D:7)
3 creatures vanquished.

Grand Total: 166 creatures vanquished

Notes
Turn   | Place    | Note
--------------------------------------------------------------
     0 | D:1      | 4thArraOfDagon the Ogre Hunter began the quest for the Orb.
     0 | D:1      | Reached XP level 1. HP: 22/22 MP: 1/1
   117 | D:1      | Reached skill level 1 in Maces & Flails
   144 | D:1      | Reached XP level 2. HP: 6/31 MP: 2/2
   248 | D:2      | Reached skill level 2 in Maces & Flails
   283 | D:3      | Reached XP level 3. HP: 7/39 MP: 3/3
   303 | D:2      | Found a snail-covered altar of Cheibriados.
   307 | D:2      | MEH
   318 | D:2      | Became a worshipper of Cheibriados the Contemplative
   420 | D:2      | Found a shimmering altar of Xom.
   484 | D:3      | Reached skill level 3 in Maces & Flails
   510 | D:3      | Reached XP level 4. HP: 41/48 MP: 4/4
   525 | D:3      | Reached skill level 1 in Invocations
   589 | D:3      | Noticed a giant frog
   592 | D:3      | Killed a giant frog
   592 | D:3      | Reached skill level 4 in Maces & Flails
   592 | D:3      | Reached XP level 5. HP: 44/55 MP: 4/6
   622 | D:3      | Found a sacrificial altar of Ru.
   670 | D:3      | Found a shattered altar of Ashenzari.
   724 | D:4      | Noticed tasslehoff34's ghost (amateur DsGl)
   780 | D:4      | Reached * piety under Cheibriados
   824 | D:4      | Found a white marble altar of Elyvilon.
   845 | D:5      | Entered Level 5 of the Dungeon
   845 | D:5      | Noticed a sky beast
   848 | D:5      | Killed a sky beast
   848 | D:5      | Reached XP level 6. HP: 65/65 MP: 7/7
   870 | D:5      | Noticed a sky beast
   879 | D:5      | Gained mutation: You are partially covered in thin metallic scales (AC +2). [mutagenic meat]
   880 | D:5      | Gained mutation: Your magical capacity is low (-10% MP). [mutagenic meat]
   883 | D:5      | Killed a sky beast
   883 | D:5      | Reached skill level 5 in Fighting
   883 | D:5      | Reached skill level 5 in Maces & Flails
  1044 | D:4      | Found a bloodstained altar of Trog.
  1058 | D:4      | Found a staircase to the Ecumenical Temple.
  1179 | D:4      | Reached XP level 7. HP: 58/72 MP: 8/8
  1347 | D:5      | Reached ** piety under Cheibriados
  1347 | D:5      | Reached skill level 6 in Maces & Flails
  1471 | D:6      | Gained mutation: You have large cloven feet. [mutagenic meat]
  1472 | D:6      | Gained mutation: Your flesh is heat resistant. [mutagenic meat]
  1473 | D:6      | Gained mutation: You are partially covered in rugged brown scales (AC +1, +3% HP). [mutagenic meat]
  1474 | D:6      | Gained mutation: You tend to lose your temper in combat. [mutagenic meat]
  1475 | D:6      | Gained mutation: You are agile. (Dex +2) [mutagenic meat]
  1536 | D:7      | Got a pitted falchion
  1607 | D:7      | Noticed Pikel
  1618 | D:7      | Killed Pikel
  1618 | D:7      | Reached skill level 7 in Maces & Flails
  1618 | D:7      | Reached XP level 8. HP: 83/86 MP: 8/10
  1644 | D:7      | Identified the +4 falchion of Yredelemnul's Envy {slice, MR+ MP+9} (You found it on level 7 of the Dungeon)
  1656 | D:7      | Noticed Menkaure
  1663 | D:7      | Killed Menkaure
  1663 | D:7      | Reached skill level 8 in Maces & Flails
  2091 | D:8      | Noticed a komodo dragon
  2095 | D:8      | Reached skill level 5 in Invocations
  2100 | D:8      | Killed a komodo dragon
  2100 | D:8      | Reached skill level 9 in Maces & Flails
  2100 | D:8      | Reached XP level 9. HP: 65/96 MP: 11/11
  2238 | D:8      | Reached *** piety under Cheibriados
  2238 | D:8      | Reached skill level 5 in Dodging
  2242 | D:9      | Found Jititirch's Magic Scroll Boutique.
  2244 | D:9      | Reached skill level 10 in Maces & Flails
  2350 | D:8      | Found a stormy altar of Qazlal.
  2651 | D:9      | Bought a scroll of blinking for 75 gold pieces
  2651 | D:9      | Bought a scroll of identify for 20 gold pieces
  2651 | D:9      | Bought 3 scrolls of identify for 60 gold pieces
  2655 | D:9      | Bought a scroll of remove curse for 30 gold pieces
  2655 | D:9      | Bought a scroll of recharging for 95 gold pieces
  2696 | D:9      | Reached skill level 1 in Evocations
  2765 | D:9      | Reached **** piety under Cheibriados
  2779 | D:9      | Found an iron altar of Okawaru.
  2827 | D:9      | Found a shadowy altar of Dithmenos.
  2832 | D:9      | Found a blossoming altar of Fedhas.
  2840 | D:9      | Reached XP level 10. HP: 88/109 MP: 13/13
  2940 | D:10     | Entered Level 10 of the Dungeon
  2942 | D:10     | Noticed Maud
  2985 | D:10     | Reached skill level 11 in Maces & Flails
  3134 | D:10     | Noticed a hill giant
  3137 | D:10     | Zhokez: book
  3144 | D:10     | Killed a hill giant
  3295 | D:10     | Got a smoking robe
  3308 | D:10     | Identified the +1 robe of Hici {rN+++ MR+ Dex-3 SInv} (You found it on level 10 of the Dungeon)
  3322 | D:10     | Gained mutation: Your body sometimes deteriorates upon taking damage. [mutagenic meat]
  3323 | D:10     | Gained mutation: You expend magic power (3 MP) to strengthen your wands. [mutagenic meat]
  3500 | D:11     | Vidiiot: book
  3540 | D:11     | Noticed a manticore
  3544 | D:11     | Killed a manticore
  3586 | D:11     | Found a labyrinth entrance.
  3595 | Lab      | Entered a labyrinth
  3596 | Lab      | 4thArraOfDagon: book
  3597 | D:10     | 4thArraOfDagon: its close to the electric eels
  3672 | Lab      | 4thArraOfDagon: btw
  3672 | Lab      | 4thArraOfDagon: my human fighter won!
  3689 | Lab      | Vidiiot: Nice man
  3694 | Lab      | Vidiiot: Congrats. :p
  3726 | Lab      | Vidiiot: I like how CAO doesn't update
  3726 | Lab      | 4thArraOfDagon: first human win i guess
  3737 | Lab      | Vidiiot: I can imagine you having 1000 more wins tbh
  3737 | Lab      | 4thArraOfDagon: yeah its frustrating
  3808 | Lab      | Noticed a minotaur
  3814 | Lab      | HP: 3/113 [minotaur (13)]
  3818 | Lab      | Demolished by a minotaur

Vault maps used:
D:1:      dpeg_arrival_three_smaller_balls, monster_avoids_cloud
D:2:      cheibriados_altar_1, gammafunk_temple_overflow_pools,
          old_standard_altar, first_bread
D:3:      overflow_temple_1_default, evilmike_ruin_ashenzari
D:4:      elyvilon_altar_4, bloody_trog, temple_fountains
D:5:      minmay_gold_behind_fungi, interstate_on_off, minmay_misc_feat_hallway
D:6:      marbit_many_paths
D:7:      uniq_menkaure, uniq_pikel
D:8:      grunt_qazlal_clouds
D:9:      okawaru_altar_gauntlet_db, grunt_temple_overflow_open, serial_shops,
          shop
D:10:     erik_lair_island, uniq_maud
D:11:     erik_orc_4, lab_entry_generic
Lab:      labyrinth_glass_1

Skill      XL: |  1  2  3  4  5  6  7  8  9 10 |
---------------+-------------------------------+-----
Fighting       | 3 4 5 6 7 8 9 |  9.8
Maces & Flails | 1 2 3 4 5 7 9 10 11 | 11.9
Dodging        | 2 3 4 5 6 |  6.3
Invocations    | 1 2 4 5 6 7 |  7.1
Evocations     | 1 3 |  3.6
Throwing       | |  4.0
Stealth        | |  0.7

Action                   |  1- 3 |  4- 6 |  7- 9 | 10-12 || total
-------------------------+-------+-------+-------+-------++-------
Melee: Club              |    45 |       |       |       ||    45
       Short sword       |    14 |       |       |       ||    14
       Mace              |    10 |       |       |       ||    10
       Flail             |       |    68 |    50 |       ||   118
       Whip              |       |       |    59 |       ||    59
       Giant club        |       |       |    97 |     3 ||   100
       Morningstar       |       |       |       |    62 ||    62
Throw: Large rock        |    14 |    15 |    45 |    32 ||   106
       Throwing net      |     3 |     4 |       |       ||     7
Invok: Slouch            |       |       |       |     2 ||     2
       Bend Time         |       |       |       |     1 ||     1
       Temporal Distorti |       |       |       |     1 ||     1
Evoke: Wand              |       |       |    19 |     1 ||    20
  Use: Potion            |     3 |       |     1 |     3 ||     7
       Scroll            |       |     4 |     8 |     8 ||    20
 Stab: Sleeping          |     1 |       |       |       ||     1
       Paralysed         |       |       |    22 |       ||    22
  Eat: Chunk             |       |     3 |     8 |     7 ||    18
       Fruit             |       |       |     1 |     1 ||     2
